 Dungeon Sprint DCSS version 0.30.1-11-g7821555f0a (webtiles) character file.

Game seed: 5976203756644939288

8556 Groucho the Naga Aeon (level 11, -1/106 HPs)
             Began as a Naga Monk on Nov 21, 2023.
             Was the Champion of Cheibriados.
             Slain by an emperor scorpion (12 damage)
             ... summoned by a royal mummy
             ... in the Dungeon (Sprint V: "Ziggurat Sprint").
             The game lasted 00:07:37 (1653 turns).

Groucho the Naga Aeon (Naga Monk)                   Turns: 1653, Time: 00:07:38

Health: -1/106     AC: 33    Str: 29    XL:     11   Next: 32%
Magic:  16/21      EV:  8    Int: 28    God:    Cheibriados [******]
Gold:   0          SH: 35    Dex: 39    Spells: 10/10 levels left

rFire   . . .        d - +6 shillelagh "Devastator" {shatter}
rCold   . . .        b - +18 shield of the Gong {Loud rN+ Will+ rCorr EV-5}
rNeg    + + .        a - +15 Maxwell's patent armour {-Cast -Tele rElec Will+ rCorr}
rPois   +            K - +0 helmet {SInv}
rElec   +            (no cloak)
rCorr   +            M - +2 pair of gloves {infuse}
SInv    +            (no barding)
Will    +....        (no amulet) Stlth
                     P - ring "Dycoerof" {*Slow rN+ Int+3 Slay+4}
HPRegen 0.37/turn    w - +6 ring of dexterity
MPRegen 0.17/turn

%: no teleportation, no spellcasting, slow self (1%), infuse magic (1 MP)
@: weak-willed, slowed, very slow
A: AC +3, large, see invisible, deformed body, poison resistance, slowness 2,
spit poison 1, naga tail 1
a: Spit Poison, Renounce Religion, Bend Time, Temporal Distortion, Slouch, Step
From Time


You were in the Dungeon.
You worshipped Cheibriados.
Cheibriados was exalted by your worship.
You visited 1 branch

Inventory:

Hand Weapons
 d - the +6 shillelagh "Devastator" (weapon) {shatter}
   (You found it in the Dungeon)
 D - a +5 hand crossbow
Armour
 a - the +15 Maxwell's patent armour (worn) {-Cast -Tele rElec Will+ rCorr}
   (You found it in the Dungeon)

   rElec:     It insulates you from electricity.
   -Cast:     It prevents spellcasting.
   -Tele:     It prevents most forms of teleportation.
   rCorr:     It protects you from acid and corrosion.
   Will:      It increases your willpower.
 b - the +18 shield of the Gong (worn) {Loud rN+ Will+ rCorr EV-5}
   (You found it in the Dungeon)

   Loud:      It is deafeningly noisy when blocking attacks.
   EV:        It affects your evasion (-5).
   rN:        It protects you from negative energy.
   rCorr:     It protects you from acid and corrosion.
   Will:      It increases your willpower.
 K - a +0 helmet of see invisible (worn)
 M - a +2 pair of gloves of infusion (worn)
Magical Staves
 O - a staff of death
Jewellery
 v - a ring of flight
 w - a +6 ring of dexterity (right hand)
 x - a +6 ring of dexterity
 y - a +6 ring of intelligence
 z - a +6 ring of intelligence
 A - a +6 ring of strength
 B - a +6 ring of strength
 F - an amulet of magic regeneration
 J - an amulet of faith
 L - a ring of ice
 N - a ring of wizardry
 P - the ring "Dycoerof" (left hand) {*Slow rN+ Int+3 Slay+4}
   (You found it in the Dungeon)

   [ring of slaying]

   Int:       It affects your intelligence (+3).
   Slay:      It affects your accuracy & damage with ranged weapons and melee
   (+4).
   rN:        It protects you from negative energy.
   *Slow:     It may slow you when you take damage.
Wands
 t - a wand of mindburst (19)
 u - a wand of quicksilver (7)
 C - a wand of roots (16)
 G - a wand of paralysis (6)
 I - a wand of flame (12)
Scrolls
 j - 4 scrolls of blinking
 p - 4 scrolls of amnesia
 q - 7 scrolls of fog
 r - 5 scrolls of identify
 s - 2 scrolls of fear
 E - a scroll of brand weapon
 H - 4 scrolls of enchant weapon
Potions
 c - a potion of ambrosia
 e - 9 potions of curing
 f - 14 potions of heal wounds
 g - 10 potions of haste
 h - 6 potions of magic
 i - 3 potions of berserk rage
 k - 2 potions of brilliance
 l - 2 potions of invisibility
 m - 4 potions of resistance
 n - a potion of experience
 o - 5 potions of might


   Skills:
 + Level 9.4 Fighting
 + Level 9.4 Maces & Flails
 + Level 8.0 Ranged Weapons
 * Level 10.5 Armour
 + Level 7.8 Dodging
 * Level 11.4 Shields
 * Level 13.5 Invocations


You had 10 spell levels left.
You didn't know any spells.
Your spell library contained the following spells:

 Spells                   Type           Power      Damage    Failure   Level
 Necrotise                Necr           0%         1d4       77%         1
 Frozen Ramparts          Ice            0%         1d1       98%         3
 Stone Arrow              Conj/Erth      0%         3d7       98%         3
 Summon Guardian Golem    Hex/Summ       0%         N/A       98%         3
 Animate Armour           Summ/Erth      0%         N/A       100%        4
 Dispel Undead            Necr           0%         3d6       100%        4
 Ice Form                 Ice/Tmut       0%         N/A       100%        4
 Iskenderun's Mystic Bla  Conj/Tloc      0%         2d3       100%        4
 Summon Ice Beast         Ice/Summ       0%         N/A       100%        4
 Simulacrum               Ice/Necr       0%         N/A       100%        6
 Haunt                    Necr/Summ      0%         N/A       100%        7
 Malign Gateway           Summ/Tloc      0%         N/A       100%        7
 Orb of Destruction       Conj           0%         9d5       100%        7
 Spellforged Servitor     Conj/Summ      0%         N/A       100%        7
 Storm Form               Tmut/Air       0%         N/A       100%        7
 Lehudib's Crystal Spear  Conj/Erth      0%         10d2      100%        8
 Chain Lightning          Conj/Air       0%         N/A       100%        9


Dungeon Overview and Level Annotations

Branches:
Dungeon (1/1)

Altars:
Ashenzari
Cheibriados
Dithmenos
Elyvilon
Fedhas
Gozag
Hepliaklqana
Kikubaaqudgha
Makhleb
Nemelex Xobeh
Okawaru
Qazlal
Ru
Sif Muna
Trog
Uskayaw
Vehumet
Wu Jian
Xom
Yredelemnul
Zin
The Shining One
Jiyva
Lugonu

Annotations:
D 1 transporter


Innate Abilities, Weirdness & Mutations

Your serpentine skin is tough. (AC +3)
You have supernaturally acute eyesight. (SInv)
Armour fits poorly on your strangely shaped body.
Your system is resistant to poisons. (rPois)
You cover ground very slowly.
You can spit poison.
You have a snake-like lower body.


Message History

You destroy the flying skull!
The flying skull disappears in a puff of smoke!
You destroy the death scarab!
The death scarab's corpse disappears in a puff of smoke!
You destroy the death scarab!
The death scarab's corpse disappears in a puff of smoke!
You destroy the mummy priest!
Cheibriados thoroughly appreciates the change of pace.
The smoke demon disappears in a puff of smoke!
The freezing wraith disappears in a puff of smoke!
The phantasmal warrior disappears in a puff of smoke!
The jiangshi disappears in a puff of smoke!
The phantasmal warrior disappears in a puff of smoke!
The wraith disappears in a puff of smoke!
You feel extremely nervous for a moment...
Your body is wracked with pain!
* * * LOW HITPOINT WARNING * * *
You block the emperor scorpion's attack.
GONNNNG!
The emperor scorpion claws you but does no damage.
You block the emperor scorpion's attack.
BOUMMMMG!
You block the emperor scorpion's attack.
BONNNG!
You block the emperor scorpion's attack.
BOUMMMMG!
The emperor scorpion barely misses you.
The emperor scorpion stings you but does no damage.
The emperor scorpion claws you but does no damage. x2
The emperor scorpion stings you but does no damage.
You block the emperor scorpion's attack.
SHROANNG!
The emperor scorpion claws you but does no damage.
You block the royal mummy's attack.
GONNNNG!
The emperor scorpion stings you but does no damage.
The emperor scorpion barely misses you. The emperor scorpion claws you.
* * * LOW HITPOINT WARNING * * *
The emperor scorpion stings you!
You die...

▓▓▓▓▓▓▓▓▓▓▓▓▓▓▓▓▓▓▓
▓...8©8...▓...8©8...▓
▓..)))./..▓..))))[..▓
▓..[=)[:..▓...)|))).▓
▓.........▓..).)....▓
▓....)....▓....)....▓
▓...§§§...▓.........▓
▓..§§M§§§.▓.........▓
▓..§s@s§..▓.▓.....▓.▓
▓.▓.s§s§▓.▓....©....▓
▓....©§...▓▓▓▓▓▓▓▓▓▓▓
▓▓▓▓▓▓▓▓▓▓▓


You could see a royal mummy and 4 emperor scorpions.

Vanquished Creatures
  A mummy priest (D)
  3 dancing weapons (D)
  A deep elf knight (D)
  A deep elf archer (D)
  3 deep elf zephyrmancers (D)
  A deep elf pyromancer (D)
  A guardian mummy (D)
  4 merfolk (D)
  A wind drake (D)
  3 air elementals (D)
  2 flying skulls (D)
  A fire elemental (D)
  6 hell hounds (D)
  7 orc warriors (D)
  4 centaurs (D)
  A jelly (D)
  4 orc priests (D)
  5 orc wizards (D)
  4 mummies (D)
  A shadow imp (D)
  An ufetubus (D)
  2 adder skeletons (D)
  3 orcs (D)
  An endoplasm (D)
  A quokka skeleton (D)
  A fire vortex (D)
63 creatures vanquished.

Notes
Turn   | Place    | Note
-------+----------+-------------------------------------------
     0 | D        | Groucho the Naga Monk began the quest for the Orb.
     0 | D        | Reached XP level 1. HP: 21/21 MP: 1/1
     0 | D        | Found a shimmering blue altar of Sif Muna.
     0 | D        | Found a bloodstained altar of Trog.
     0 | D        | Found a sacrificial altar of Ru.
     0 | D        | Found a stormy altar of Qazlal.
     0 | D        | Found an iron altar of Okawaru.
     1 | D        | Found a sparkling altar of Nemelex Xobeh.
     1 | D        | Found a blossoming altar of Fedhas.
     1 | D        | Found the +6 Majin-Bo {spellvamp, MP+6 Int+6}
     1 | D        | Found the +27 heavy crossbow "Sniper" {heavy, Acc+∞ SInv}
     1 | D        | Found the +10 dark maul {heavy}
     1 | D        | Found the +15 Maxwell's patent armour {-Cast -Tele rElec
                  | Will+ rCorr}
     1 | D        | Found the +18 shield of the Gong {Loud rN+ Will+ rCorr
                  | EV-5}
     1 | D        | Found the +16 obsidian axe {drain, demonic, Mesm Drain Fly
                  | SInv}
     1 | D        | Found the +7 great mace "Firestarter" {flame, immolate,
                  | rFlCloud rF++}
     1 | D        | Found the +6 shillelagh "Devastator" {shatter}
     1 | D        | Found the +11 plutonium sword {Contam Stlth-}
     1 | D        | Found the +8 lance "Wyrmbane" {slay drac, rPois rF+ rC+
                  | AC+3}
     1 | D        | Found the +9 sword of Zonguldrok {reap}
     1 | D        | Found the +13 scythe of Curses {drain, curses, Drain}
     1 | D        | Found the +9 sword of Power {lifebolt}
     1 | D        | Found the +7 mace of Variability {chaos, chaos arc}
     1 | D        | Found the +11 Singing Sword {sonic wave}
     1 | D        | Found the +8 storm bow {elec, penet}
     3 | D        | Found a transporter.
     3 | D        | Found an ancient bone altar of Kikubaaqudgha.
     3 | D        | Found a viscous altar of Jiyva.
     3 | D        | Found a corrupted altar of Lugonu.
     3 | D        | Found a hazy altar of Hepliaklqana.
     3 | D        | Found a burning altar of Makhleb.
     3 | D        | Found an opulent altar of Gozag.
    57 | D        | Became a worshipper of Cheibriados the Contemplative
    57 | D        | Reached * piety under Cheibriados
    57 | D        | Reached ** piety under Cheibriados
    85 | D        | Entered arena 2.
    85 | D        | Noticed a jelly
    85 | D        | Found a transporter.
    89 | D        | Killed a jelly
    90 | D        | Reached skill level 1 in Ranged Weapons
    90 | D        | Reached skill level 2 in Invocations
    90 | D        | Reached XP level 2. HP: 19/28 MP: 2/4
    90 | D        | Reached XP level 3. HP: 24/34 MP: 2/5
   337 | D        | Entered arena 3.
   337 | D        | Noticed a centaur
   337 | D        | Noticed a centaur
   337 | D        | Noticed a centaur
   337 | D        | Found a transporter.
   342 | D        | Killed a centaur
   342 | D        | Reached *** piety under Cheibriados
   343 | D        | Reached skill level 4 in Invocations
   343 | D        | Reached XP level 4. HP: 43/44 MP: 5/7
   343 | D        | Reached XP level 5. HP: 49/50 MP: 5/8
   344 | D        | Killed a centaur
   344 | D        | Killed a centaur
   344 | D        | Reached **** piety under Cheibriados
   345 | D        | Reached skill level 6 in Invocations
   345 | D        | Reached XP level 6. HP: 54/60 MP: 5/10
   659 | D        | Entered arena 4.
   659 | D        | Noticed a hell hound
   659 | D        | Noticed a hell hound
   659 | D        | Noticed a hell hound
   659 | D        | Found a transporter.
   661 | D        | Killed a hell hound
   661 | D        | Killed a hell hound
   661 | D        | Reached ***** piety under Cheibriados
   661 | D        | Killed a hell hound
   662 | D        | Reached skill level 5 in Fighting
   662 | D        | Reached skill level 5 in Maces & Flails
   662 | D        | Reached skill level 5 in Armour
   662 | D        | Reached skill level 7 in Invocations
   662 | D        | Reached XP level 7. HP: 45/68 MP: 5/12
   940 | D        | Got Sif Muna's Elucidation of Ruinous Gusts
   947 | D        | Entered arena 5.
   947 | D        | Found a transporter.
  1189 | D        | Entered arena 6.
  1189 | D        | Noticed a deep elf knight
  1189 | D        | Noticed a deep elf zephyrmancer
  1189 | D        | Noticed an air elemental
  1189 | D        | Noticed a deep elf archer
  1189 | D        | Noticed a deep elf pyromancer
  1189 | D        | Found a transporter.
  1189 | D        | Paralysed by an air elemental for 1 turns
  1190 | D        | Killed an air elemental
  1191 | D        | Reached skill level 5 in Dodging
  1191 | D        | Reached skill level 8 in Invocations
  1191 | D        | Killed a deep elf zephyrmancer
  1191 | D        | Killed a deep elf pyromancer
  1191 | D        | Killed a deep elf archer
  1191 | D        | Reached ****** piety under Cheibriados
  1192 | D        | Reached skill level 5 in Ranged Weapons
  1192 | D        | Reached skill level 10 in Invocations
  1192 | D        | Reached XP level 8. HP: 68/80 MP: 2/15
  1192 | D        | Reached XP level 9. HP: 73/86 MP: 2/16
  1193 | D        | Killed a deep elf knight
  1202 | D        | Got the ring "Buskaich" {Ice rElec Int+3}
  1275 | D        | Entered arena 7.
  1277 | D        | Found a transporter.
  1285 | D        | Got Qulangeu's Volume of Elliptic Silt
  1307 | D        | Entered arena 8.
  1307 | D        | Noticed a merfolk
  1307 | D        | Noticed a merfolk
  1307 | D        | Noticed a wind drake
  1307 | D        | Noticed a merfolk
  1307 | D        | Noticed a merfolk
  1309 | D        | Killed a merfolk
  1309 | D        | Killed a merfolk
  1309 | D        | Killed a wind drake
  1309 | D        | Killed a merfolk
  1310 | D        | Reached skill level 11 in Invocations
  1310 | D        | Reached XP level 10. HP: 96/96 MP: 7/18
  1310 | D        | Found a transporter.
  1333 | D        | Got Giczao's Disquisition on Unhallowed Words
  1338 | D        | Entered arena 9.
  1340 | D        | Found a transporter.
  1362 | D        | Entered arena 10.
  1362 | D        | Noticed a +2 short sword of freezing
  1362 | D        | Noticed a +4 short sword of draining
  1362 | D        | Noticed a deep elf zephyrmancer
  1362 | D        | Noticed a deep elf zephyrmancer
  1362 | D        | Noticed a +4 war axe of venom
  1363 | D        | Killed a +4 war axe of venom
  1363 | D        | Killed a +2 short sword of freezing
  1363 | D        | Killed a +4 short sword of draining
  1364 | D        | Reached skill level 10 in Shields
  1364 | D        | Reached skill level 12 in Invocations
  1364 | D        | Reached XP level 11. HP: 91/104 MP: 13/20
  1364 | D        | Killed a deep elf zephyrmancer
  1364 | D        | Killed a deep elf zephyrmancer
  1365 | D        | Reached skill level 10 in Armour
  1365 | D        | Reached skill level 13 in Invocations
  1365 | D        | Found a transporter.
  1401 | D        | Entered arena 11.
  1404 | D        | Found a transporter.
  1436 | D        | Got the ring "Dycoerof" {*Slow rN+ Int+3 Slay+4}
  1642 | D        | Entered arena 12.
  1642 | D        | Noticed a mummy priest
  1643 | D        | Noticed a royal mummy
  1643 | D        | Found the +8 demon trident "Rift" {distort, reach+}
  1645 | D        | Noticed a death scarab
  1645 | D        | Noticed a death scarab
  1647 | D        | Found a transporter.
  1648 | D        | Noticed a death scarab
  1648 | D        | Noticed a death scarab
  1648 | D        | Noticed a death scarab
  1648 | D        | Noticed a death scarab
  1648 | D        | Noticed a phantasmal warrior
  1648 | D        | Noticed an emperor scorpion
  1648 | D        | Noticed an emperor scorpion
  1648 | D        | Noticed an emperor scorpion
  1648 | D        | Noticed an emperor scorpion
  1651 | D        | Noticed a jiangshi
  1651 | D        | Noticed a phantasmal warrior
  1653 | D        | Noticed a death scarab
  1653 | D        | Killed a mummy priest
  1653 | D        | Slain by an emperor scorpion

Illustrated notes

Levels and vault maps discovered:
D:        sprint_v [room_start, room_1, room_2, room_3, room_4, room_5, room_6,
          room_7, room_8, room_9, room_10, room_11, room_12, room_13, room_14,
          room_15, room_16, room_17, room_18, room_19, room_20, room_21,
          room_22, room_23, room_24, room_25, room_26, room_27]

Skill      XL: |  1  2  3  4  5  6  7  8  9 10 11 |
---------------+----------------------------------+-----
Ranged Weapons | 1 2 3 4 5 6 7 8 |  8.0
Armour         | 2 3 4 5 7 8 9 10 | 10.5
Shields        | 2 3 4 6 8 9 10 11 | 11.4
Invocations    | 2 4 6 7 10 11 12 13 | 13.5
Fighting       | 4 5 7 8 9 |  9.4
Maces & Flails | 4 5 7 8 9 |  9.4
Dodging        | 3 4 6 7 |  7.8

Action                     |  1- 3 |  4- 6 |  7- 9 | 10-12 || total
---------------------------+-------+-------+-------+-------++-------
  Melee: Shillelagh        |     4 |     1 |     2 |     6 ||    13
   Fire: Hand crossbow     |     2 |       |       |       ||     2
 Invoke: Slouch            |       |     1 |     6 |     9 ||    16
    Use: Potion            |       |       |       |     2 ||     2
 Armour: Plate armour      |    14 |     3 |     2 |    37 ||    56
  Dodge: Dodged            |       |       |       |    20 ||    20
  Block: Kite shield       |    21 |     5 |     7 |    41 ||    74
